 Dungeon Crawl Stone Soup version 0.25.1-2-g60ff931df9 (webtiles) character file.

Game seed: 11693804961586620011

10833 DerDa the Destroyer (level 11, -9/70 HPs)
             Began as an Octopode Wizard on Sept 26, 2020.
             Was an Elder of Sif Muna.
             Mangled by a wolf spider (20 damage)
             ... on level 1 of the Lair of Beasts.
             The game lasted 00:50:27 (21134 turns).

DerDa the Destroyer (Octopode Wizard)              Turns: 21134, Time: 00:50:27

Health: -9/70      AC:  2    Str:  7    XL:     11   Next: 68%
Magic:  10/23      EV: 15    Int: 26    God:    Sif Muna [****..]
Gold:   345        SH:  4    Dex: 11    Spells: 10/27 levels left

rFire    . . .     SeeInvis .   i - +9 short sword "Puehun" {vorpal, MR+ Int+3}
rCold    . . .     Gourm    .   z - +0 buckler
rNeg     . . .     Faith    +   F - +1 hat
rPois    .         Spirit   .   x - amulet of faith
rElec    .         Reflect  .   m - ring of protection from magic
rCorr    .         Harm     .   (no ring)
MR       ++...                  Q - ring of flight
Stlth    +++.......             (no ring)
HPRegen  0.21/turn              (no ring)
MPRegen  0.18/turn              (no ring)
                                (no ring)
                                (no ring)

@: very slightly contaminated
A: almost no armour, stealthy swim, amphibious, 8 rings, constrict 8, camouflage
1, gelatinous body 1
a: Channel Magic, Forget Spell, Divine Exegesis, Renounce Religion, Evoke Flight


You were on level 1 of the Lair of Beasts.
You worshipped Sif Muna.
Sif Muna was greatly pleased with you.
You were not hungry.

You visited 3 branches of the dungeon, and saw 13 of its levels.

You collected 741 gold pieces.
You spent 396 gold pieces at shops.

Inventory:

Hand Weapons
 b - a +1 whip of electrocution
 i - the +9 short sword "Puehun" (weapon) {vorpal, MR+ Int+3}
   (You took it off an orc wizard on level 4 of the Dungeon)

   It inflicts extra damage upon your enemies.
   It affects your intelligence (+3).
   It affects your resistance to hostile enchantments.
 r - a +0 hunting sling
Missiles
 g - 119 bolts
 l - 437 stones (quivered)
 B - 152 sling bullets
 C - 2 throwing nets
 G - 126 arrows
 J - 17 poisoned darts
Armour
 z - a +0 buckler (worn)
 F - a +1 hat (worn)
Magical Staves
 v - an uncursed staff of poison
Jewellery
 a - an uncursed amulet of regeneration {unknown}
 m - a ring of protection from magic (left tentacle)
 x - an amulet of faith (around mantle)
 Q - a ring of flight (on tentacle)
Wands
 f - a wand of iceblast (19)
 E - a wand of clouds (3)
 R - a wand of polymorph (9)
Scrolls
 d - 4 scrolls of remove curse
 e - 5 scrolls of amnesia
 h - 3 scrolls of enchant weapon
 n - a scroll of fog
 p - 11 scrolls of teleportation
 s - 2 scrolls of magic mapping
 u - 5 scrolls of immolation
 y - 3 scrolls of enchant armour
 I - a scroll of identify
 K - 2 scrolls of fear
 O - a scroll of holy word
Potions
 j - a potion of curing
 k - 2 potions of invisibility
 o - 2 potions of magic
 q - a potion of brilliance
 t - a potion of flight
 w - 5 potions of stabbing
 A - a potion of heal wounds {unknown}
 D - a potion of ambrosia
 H - 2 potions of cancellation {unknown}
Comestibles
 c - 10 rations
 L - 4 chunks of flesh


   Skills:
 + Level 4.8 Fighting
 + Level 5.3 Dodging
 - Level 2.6 Stealth
 - Level 4.0 Shields
 * Level 8.8 Spellcasting
 * Level 9.1 Conjurations
 - Level 1.0 Summonings
 - Level 1.0 Translocations
 + Level 5.6 Air Magic
 - Level 5.0 Poison Magic
 + Level 5.3 Invocations
 + Level 5.2 Evocations


You had 10 spell levels left.
You knew the following spells:

 Your Spells              Type           Power        Failure   Level  Hunger
a - Magic Dart            Conj           ####         1%          1    None
b - Mephitic Cloud        Conj/Pois/Air  #####...     1%          3    None
c - Call Imp              Summ           ###.....     5%          2    None
d - Airstrike             Air            #####.....   4%          4    ##.....
e - Lightning Bolt        Conj/Air       #####.....   7%          5    ####...
q - Blink                 Tloc           N/A          5%          2    None

Your spell library contained the following spells:

 Spells                   Type           Power        Failure   Level  Hunger
 Shock                    Conj/Air       ####         1%          1    None
 Static Discharge         Conj/Air       #####...     1%          3    None
 Swiftness                Chrm/Air       ####....     2%          2    None
 Conjure Flame            Conj/Fire      #####...     2%          3    None
 Dazzling Flash           Conj/Hex       #####.       2%          3    None
 Corona                   Hex            ##.....      5%          1    None
 Ensorcelled Hibernation  Hex/Ice        ##....       8%          2    None
 Slow                     Hex            ##......     8%          2    None
 Recall                   Summ/Tloc      N/A          11%         3    None
 Confusing Touch          Hex            ##......     16%         3    None
 Tukima's Dance           Hex            ##......     16%         3    None
 Aura of Abjuration       Summ           ###.......   67%         5    ####...
 Summon Demon             Summ           ###.......   67%         5    ####...
 Summon Forest            Summ/Tloc      ###.......   67%         5    ####...
 Summon Mana Viper        Hex/Summ       ##......     75%         5    ####...
 Shadow Creatures         Summ           N/A          99%         6    ######.


Dungeon Overview and Level Annotations

Branches:
Dungeon (11/15)            Temple (1/1) D:5            Lair (1/6) D:9
    Orc (0/2) D:9

Altars:
Ashenzari
Cheibriados
Dithmenos
Elyvilon
Fedhas
Gozag
Hepliaklqana
Kikubaaqudgha
Makhleb
Nemelex Xobeh
Okawaru
Qazlal
Ru
Sif Muna
Trog
Uskayaw
Vehumet
Wu Jian
Xom
Yredelemnul
Zin
The Shining One

Shops:
D:4 ?   D:5 (   D:11 }

Annotations:
D:3 Eustachio


Innate Abilities, Weirdness & Mutations

You cannot wear most types of armour.
You are very stealthy in the water. (Stealth+)
You are amphibious.
You can wear up to eight rings at the same time.
You can use your tentacles to constrict eight enemies at once.
Your skin changes colour to match your surroundings (Stealth+).
Your rubbery body absorbs attacks. (AC +1, EV +1)


Message History

The wolf spider hits you!!
* * * LOW HITPOINT WARNING * * *
The wolf spider bites you.
* * * LOW HITPOINT WARNING * * *
Unknown command.
You feel better.
The wolf spider is engulfed in noxious fumes.
The wolf spider barely misses you. The wolf spider bites you!
* * * LOW HITPOINT WARNING * * *
An adder comes into view.
Casting: Mephitic Cloud (safe; 1% risk of failure)
Confirm with . or Enter, or press ? or * to list all spells.
You miscast Blink.
You are very lightly contaminated with residual magic.
Nothing appears to happen.
The wolf spider is engulfed in noxious fumes.
The wolf spider barely misses you. The wolf spider closely misses you.
The wolf spider is engulfed in noxious fumes.
The wolf spider hits you!!
You die...

.....8.... .#
#........##.
.#.8.?.8...
#S........#
##....8....###
......°.○....#
......#○.÷#
...##..°°s#
#.......@#
#......÷.##
........<÷.#
........##....#
.........
.......
.........
#......
.........#
#...#.
.........# ..##
.......#.# ..#


You could see a wolf spider and an adder.

Vanquished Creatures
  Harold (D:9)
  An unseen horror (D:11)
  Pikel (D:4)
  A cyclops (D:11)
  A gargoyle (D:11)
  Psyche (D:8)
  A centaur skeleton (D:11)
  A komodo dragon (Lair:1)
  A troll (D:9)
  2 hornets
  4 hippogriffs
  4 yaks (D:9)
  2 hungry ghosts (D:7)
  A warg (D:9)
  2 water moccasins
  An acid dragon (D:11)
  7 sky beasts
  3 orc warriors
  An ice beast (D:11)
  A slave (D:4)
  3 ogres
  2 necrophages
  2 phantoms (D:7)
  4 centaurs
  A big kobold (D:7)
  5 bullfrogs
  3 scorpions
  A water moccasin skeleton (D:8)
  A water moccasin zombie (D:6)
  11 killer bees
  8 wights
  2 howler monkeys
  3 crimson imps
  2 centaur zombies
  6 hounds
  8 orc priests
  5 jellies
  A bullfrog skeleton (D:10)
  An iguana (D:11)
  Natasha (thrice) (D:2)
  10 orc wizards
  9 worker ants
  3 hound zombies
  2 hound skeletons
  A worker ant zombie (D:8)
  2 howler monkey zombies
  5 gnolls
  24 adders
  3 shadow imps
  7 oozes
  An adder zombie (D:5)
  2 adder skeletons
  8 worms
  3 dart slugs (D:2)
  5 leopard geckos
  32 orcs
  9 giant cockroaches
  7 hobgoblins
  13 jackals
  3 quokkas
  3 ball pythons
  7 bats
  7 frilled lizards
  6 goblins
  10 kobolds
  A leopard gecko skeleton (D:3)
  9 rats
301 creatures vanquished.

Vanquished Creatures (collateral kills)
  An ice beast (D:7)
  A killer bee (D:8)
  An orc (D:7)
3 creatures vanquished.

Vanquished Creatures (others)
  A worm (D:4)
  14 fungi
  12 plants
27 creatures vanquished.

Grand Total: 331 creatures vanquished

Notes
Turn   | Place    | Note
-------+----------+-------------------------------------------
     0 | D:1      | DerDa the Octopode Wizard began the quest for the Orb.
     0 | D:1      | Reached XP level 1. HP: 11/11 MP: 4/4
     1 | D:1      | Found a runed translucent door.
   312 | D:1      | Reached XP level 2. HP: 17/17 MP: 1/6
  1171 | D:1      | Reached skill level 2 in Conjurations
  1317 | D:1      | Reached XP level 3. HP: 10/21 MP: 0/7
  1362 | D:1      | Learned a level 3 spell: Mephitic Cloud
  1365 | D:1      | Learned a level 2 spell: Call Imp
  1368 | D:1      | Learned a level 2 spell: Blink
  1459 | D:2      | Found a shadowy altar of Dithmenos.
  2007 | D:2      | Reached skill level 1 in Poison Magic
  2141 | D:2      | Reached XP level 4. HP: 23/27 MP: 0/9
  3250 | D:2      | Found a burning altar of Makhleb.
  3254 | D:2      | Noticed Natasha
  3260 | D:2      | Killed Natasha
  3260 | D:2      | Reached skill level 1 in Air Magic
  3260 | D:2      | Reached XP level 5. HP: 31/31 MP: 3/10
  3310 | D:2      | Noticed Natasha
  3322 | D:2      | Killed Natasha
  3322 | D:2      | Reached skill level 3 in Conjurations
  3568 | D:2      | Noticed Natasha
  3579 | D:2      | Killed Natasha
  4688 | D:3      | Reached XP level 6. HP: 36/36 MP: 7/12
  4763 | D:3      | Noticed a necrophage
  4775 | D:3      | Killed a necrophage
  4983 | D:3      | Found an iron altar of Okawaru.
  6111 | D:3      | Reached XP level 7. HP: 40/40 MP: 10/14
  6217 | D:4      | Reached skill level 4 in Conjurations
  6302 | D:4      | Noticed Eustachio
  6340 | D:4      | Identified the +9 short sword "Puehun" {vorpal, MR+ Int+3}
  6772 | D:4      | HP: 2/40 [orc wizard/the +9 short sword "Puehun" {vorpal,
                  | MR+ Int+3} (2)]
  7325 | D:4      | Noticed Pikel
  7372 | D:4      | Killed Pikel
  7372 | D:4      | Reached skill level 5 in Spellcasting
  7372 | D:4      | Reached skill level 5 in Conjurations
  7372 | D:4      | Reached skill level 5 in Poison Magic
  7372 | D:4      | Reached XP level 8. HP: 45/45 MP: 9/16
  7586 | D:4      | Found Rirab's Magic Scroll Boutique.
  7591 | D:4      | Bought a scroll of teleportation for 36 gold pieces
  7591 | D:4      | Bought a scroll of random uselessness for 12 gold pieces
  7591 | D:4      | Bought a scroll of remove curse for 36 gold pieces
  7591 | D:4      | Bought a scroll of identify for 24 gold pieces
  7591 | D:4      | Bought a scroll of identify for 24 gold pieces
  7591 | D:4      | Bought a scroll of identify for 24 gold pieces
  7885 | D:5      | Entered Level 5 of the Dungeon
  7925 | D:5      | Found Zeipaiv's Antique Weapon Emporium.
  7991 | D:5      | Found a staircase to the Ecumenical Temple.
  8000 | Temple   | Entered the Ecumenical Temple
  8123 | Temple   | Became a worshipper of Sif Muna the Loreminder
  8577 | D:5      | Reached skill level 1 in Shields
  8954 | D:4      | Bought a scroll of identify for 24 gold pieces
  9356 | D:6      | Reached skill level 1 in Invocations
  9544 | D:6      | Reached skill level 1 in Fighting
  9544 | D:6      | Reached skill level 1 in Evocations
  9599 | D:6      | Found a glowing golden altar of the Shining One.
  9599 | D:6      | Found a white marble altar of Elyvilon.
  9600 | D:6      | Found a glowing silver altar of Zin.
 10301 | D:6      | Reached XP level 9. HP: 52/52 MP: 2/18
 10309 | D:6      | Reached * piety under Sif Muna
 10436 | D:6      | Reached skill level 6 in Conjurations
 12477 | D:8      | Reached XP level 10. HP: 52/61 MP: 5/20
 12485 | D:8      | Reached ** piety under Sif Muna
 12512 | D:8      | Reached skill level 7 in Conjurations
 12912 | D:8      | Noticed Psyche
 13230 | D:8      | Killed Psyche
 15586 | D:9      | Reached skill level 5 in Air Magic
 16118 | D:9      | Noticed Harold
 16138 | D:9      | Killed Harold
 16138 | D:9      | Reached skill level 8 in Conjurations
 16293 | D:9      | Found a radiant altar of Vehumet.
 16296 | D:9      | Found an ancient bone altar of Kikubaaqudgha.
 16299 | D:9      | Found a hazy altar of Hepliaklqana.
 16361 | D:9      | Reached XP level 11. HP: 69/69 MP: 19/23
 16460 | D:9      | Found a staircase to the Orcish Mines.
 16598 | D:9      | Reached *** piety under Sif Muna
 16925 | D:9      | Found a staircase to the Lair.
 17236 | D:10     | Entered Level 10 of the Dungeon
 17433 | D:10     | Learned a level 4 spell: Airstrike
 17439 | D:10     | Learned a level 5 spell: Lightning Bolt
 18735 | D:5      | Bought a shimmering falchion for 216 gold pieces
 18735 | D:5      | Identified the +7 falchion "Banisher" {vamp, *Rage Str+4}
                  | (You bought it in a shop on level 5 of the Dungeon)
 18961 | D:11     | Reached skill level 5 in Dodging
 19192 | D:11     | Noticed a cyclops
 19200 | D:11     | Killed a cyclops
 19490 | D:11     | Reached skill level 5 in Invocations
 19628 | D:11     | Reached **** piety under Sif Muna
 20064 | D:11     | Reached skill level 5 in Evocations
 20214 | D:11     | Found Epreat's Gadget Shoppe.
 20474 | D:11     | Killed an unseen horror
 20739 | D:11     | Reached skill level 9 in Conjurations
 20921 | Lair:1   | Entered Level 1 of the Lair of Beasts
 21127 | Lair:1   | Noticed a wolf spider
 21134 | Lair:1   | Mangled by a wolf spider

Illustrated notes

Levels and vault maps discovered:
D:1:      dpeg_arrival_caged_fury, layout_loops_corners
D:2:      layout_loops_cross, grunt_temple_overflow_open,
          minmay_small_reverse_x, uniq_natasha
D:3:      layout_loops_ring, okawaru_trees_2, first_ration
D:4:      layout_basic, serial_shops, kennysheep_little_box, uniq_eustachio,
          uniq_pikel
D:5:      layout_gridville, minmay_temple_entry_antechambers, serial_shops,
          nicolae_shop_overgrown_old_shop, chequers_arboretum
D:6:      minmay_opposing_rooms, layout_loops_cross, good_gods_mini_temple
D:7:      layout_basic
D:8:      layout_layer_cave, uniq_psyche
D:9:      layout_loops_corners, grunt_temple_overflow_diamond,
          dpeg_oklobed_lair, david_orc_3, uniq_harold
D:10:     layout_basic
D:11:     layout_cave_pods, serial_shops, nicolae_shop_behind_doors,
          grunt_pizzeria
Temple:   nicolae_temple_figure_eight
Lair:1:   minmay_lair_venomous_thicket, layout_layer_cave,
          minmay_stone_trees_medium, grunt_megastairs_4

Skill      XL: |  1  2  3  4  5  6  7  8  9 10 11 |
---------------+----------------------------------+-----
Conjurations   | 2 3 5 6 8 9 |  9.1
Poison Magic   | 1 2 3 5 |  5.0
Air Magic      | 1 2 3 4 5 |  5.6
Spellcasting   | 4 5 6 8 |  8.8
Shields        | 2 4 |  4.0
Invocations    | 1 3 4 5 |  5.3
Fighting       | 1 2 4 |  4.8
Evocations     | 1 3 4 5 |  5.2
Dodging        | 3 4 5 |  5.3
Stealth        | |  2.6
Summonings     | |  1.0
Translocations | |  1.0

Action                   |  1- 3 |  4- 6 |  7- 9 | 10-12 || total
-------------------------+-------+-------+-------+-------++-------
Melee: Club              |    10 |       |       |       ||    10
       Constrict         |     4 |    10 |     9 |    23 ||    46
       Tentacles         |     1 |    11 |     8 |    19 ||    39
       Unarmed           |     1 |       |       |       ||     1
       Whip              |       |    55 |       |       ||    55
       Flail             |       |     7 |     3 |       ||    10
       Staff             |       |     4 |       |       ||     4
       Short sword       |       |       |    66 |   142 ||   208
Throw: Stone             |       |       |       |     2 ||     2
 Cast: Magic Dart        |    83 |   223 |   283 |   332 ||   921
       Mephitic Cloud    |       |     1 |    15 |    30 ||    46
       Call Imp          |       |       |     5 |    17 ||    22
       Blink             |       |       |     1 |     6 ||     7
       Airstrike         |       |       |       |    32 ||    32
       Lightning Bolt    |       |       |       |     3 ||     3
Invok: Channel Magic     |       |       |       |     1 ||     1
Evoke: Wand              |       |       |       |     2 ||     2
  Use: Potion            |       |       |     2 |     4 ||     6
       Scroll            |       |       |    15 |     3 ||    18
 Stab: Confused          |       |       |     1 |     4 ||     5
       Sleeping          |       |       |       |     1 ||     1
  Eat: Chunk             |     1 |    11 |    13 |    16 ||    41
       Ration            |     1 |       |     3 |     4 ||     8
Armor: Skin              |     1 |     9 |    15 |    10 ||    35
Dodge: Dodged            |    25 |    79 |   106 |   103 ||   313
Block: Buckler           |       |       |       |    25 ||    25
